 Dungeon Crawl Stone Soup version 0.20-a0-957-g47ad1fd (webtiles) character file.

154 nikopol the Skirmisher (level 5, -2/33 HPs)
             Began as a Gargoyle Berserker on Apr 5, 2017.
             Was a Believer of Trog.
             Killed from afar by Natasha (8 damage)
             ... with a wand of flame (?/48)
             ... on level 4 of the Dungeon.
             The game lasted 00:05:22 (2480 turns).

nikopol the Skirmisher (Gargoyle Berserker)         Turns: 2480, Time: 00:05:23

Health: -2/33      AC: 10    Str: 20    XL:     5   Next: 35%
Magic:  5/5        EV: 10    Int:  8    God:    Trog [**....]
Gold:   192        SH:  0    Dex: 10    Spells: 4/4 levels left

rFire    . . .     SeeInvis .   a - +0 hand axe
rCold    . . .     Gourm    .   (no shield)
rNeg     + + .     Faith    .   l - +0 scale mail (curse)
rPois    ∞         Spirit   .   (no helmet)
rElec    +         Reflect  .   (no cloak)
rCorr    .         Harm     .   (no gloves)
MR       .....                  (no boots)
Stlth    ..........             (no amulet)
Regen    0.2/turn               q - ring of positive energy
MPRegen  0.1/turn               (no ring)

@: no status effects
A: negative energy resistance 1, electricity resistance, unbreathing,
petrification resistance, rot immunity, AC +4
a: Berserk, Trog's Hand, Burn Spellbooks, Renounce Religion


You were on level 4 of the Dungeon.
You worshipped Trog.
Trog was pleased with you.
You were not hungry.

You visited 1 branch of the dungeon, and saw 4 of its levels.

You collected 192 gold pieces.

Inventory:

Hand Weapons
 a - a +0 hand axe (weapon)
Armour
 b - a +0 animal skin
 h - a +0 ring mail
 l - a cursed +0 scale mail (worn)
 z - a +0 chain mail
Jewellery
 q - a ring of positive energy (left hand)
Wands
 u - a wand of disintegration (15/24)
 v - a wand of random effects (24/48)
Scrolls
 e - 3 scrolls of fog {unknown}
 g - 4 scrolls of identify {unknown}
 j - 2 scrolls of remove curse {unknown}
 k - a scroll of fear {unknown}
 m - a scroll of immolation {unknown}
 o - a scroll of teleportation {unknown}
 r - 2 scrolls of amnesia {unknown}
 x - a scroll of magic mapping {unknown}
 y - a scroll of enchant weapon {unknown}
Potions
 d - a potion of resistance {unknown}
 f - a potion of brilliance {unknown}
 p - a potion of haste {unknown}
 t - 2 potions of curing {unknown}
 w - 2 potions of flight {unknown}
Comestibles
 c - 4 bread rations
 i - 4 fruits
 n - a meat ration
 s - a chunk of flesh


   Skills:
 + Level 4.2 Fighting
 + Level 3.4 Axes
 + Level 3.3 Armour
 + Level 2.7 Dodging


You had 4 spell levels left.
You didn't know any spells.

Dungeon Overview and Level Annotations

Branches:
Dungeon (4/15)
 Temple: D:4-7

Altars:

Annotations:
D:4 Natasha


Innate Abilities, Weirdness & Mutations

You are resistant to torment.
Your stone body is resilient. (AC +4)
You are immune to poison.
You resist negative energy. (rN+)
You are resistant to electric shocks. (rElec)
You can survive without breathing.
You are immune to petrification.
You are immune to rotting.


Message History

The phantom is almost destroyed.
The phantom blinks!
The phantom hits you.
The phantom blinks!
You closely miss the phantom.
The phantom is almost destroyed.
The phantom hits you.
* * * LOW HITPOINT WARNING * * *
The phantom blinks!
You start resting.
Natasha, Servant of Life and Death comes into view.
Natasha hisses angrily.
Natasha casts a spell.
You see here 23 sling bullets.
Natasha zaps a wand.
The puff of flame hits you!
* * * LOW HITPOINT WARNING * * *
It is a wand of flame (?/48) {zapped: 6}.
Natasha mewls in sadness.
Natasha zaps a wand.
The puff of flame misses you.
Natasha zaps a wand.
The puff of flame hits you!
You die...

###.# ... .....#
#..##.. .##.#####
#.# ###.### #......
.##.....# #.# #.#
##.# .. ........#
#.# #.# .##.##..#
#.# #.# .##.##..#
#.# #.# .##.##..#
#.# #.#
.##.##[.###.######.#
.##.....W..Wh.(.@..#
.#####...###########
. #...# #h..# #.(.#
#...# ..... ####+#


You could see a phantom and Natasha.

Vanquished Creatures
  Jessica (D:3)
  Natasha (D:4)
  5 adders
  An ooze (D:2)
  A worm (D:3)
  3 dart slugs
  2 leopard geckos (D:3)
  4 bats
  4 giant cockroaches
  3 goblins
  5 hobgoblins
  3 kobolds
  3 quokkas
  3 frilled lizards
  8 rats
47 creatures vanquished.

Notes
Turn   | Place    | Note
-------+----------+-------------------------------------------
     0 | D:1      | nikopol the Gargoyle Berserker began the quest for the Orb.
     0 | D:1      | Reached XP level 1. HP: 14/14 MP: 1/1
   148 | D:1      | Reached XP level 2. HP: 19/19 MP: 2/2
   806 | D:2      | Reached XP level 3. HP: 18/23 MP: 3/3
  1160 | D:2      | Reached XP level 4. HP: 29/29 MP: 4/4
  1577 | D:3      | Found a faded altar of an unknown god.
  1589 | D:3      | Reached skill level 4 in Fighting
  1746 | D:3      | Noticed Jessica
  1754 | D:3      | Killed Jessica
  1754 | D:3      | Reached XP level 5. HP: 25/33 MP: 5/5
  2034 | D:3      | Reached ** piety under Trog
  2268 | D:4      | Noticed Natasha
  2283 | D:4      | Killed Natasha
  2421 | D:4      | Noticed a phantom
  2471 | D:4      | Noticed Natasha
  2480 | D:4      | Killed from afar by Natasha

Vault maps used:
D:1:      dpeg_arrival_round_c
D:3:      first_bread, chequers_ecumenical_altar_island, minmay_misc_feat_tower,
          nrook_mini_backslash, st_stairs_13, kennysheep_jessica_study
D:4:      kennysheep_mini, minmay_temple_entry_from_below_a, grunt_tough_drop,
          uniq_natasha

Skill      XL: |  1  2  3  4 |
---------------+-------------+-----
Axes           | 3 |  3.4
Dodging        | 2 |  2.7
Fighting       | 4 |  4.2
Armour         | 3 |  3.3

Action                   |  1- 3 |  4- 6 || total
-------------------------+-------+-------++-------
Melee: Hand axe          |    92 |   119 ||   211
  Eat: Chunk             |       |     5 ||     5
Armor: Animal skin       |     3 |       ||     3
       Ring mail         |     2 |       ||     2
       Scale mail        |    39 |    65 ||   104
Dodge: Dodged            |    60 |    59 ||   119
